AoeStats
← Arakli61

Fortress

507854348Analyzed
2v2 RM · 13d ago on Sep 19, 2026· 40m 59s· 4 players
Game mode
Random Map
Map size
Normal (6 player)
Population
200
Speed
Normal
Resources
Standard
Victory
Conquest
Starting age
Dark Age
Ending age
Imperial Age
RankedLock teamsTeams togetherTeam positionsShared explorationLock speedFull tech treeHidden civsTurbo modeCheats
Victory
Defeat
🇹🇷 Goths · Türkiye
1108
+12
🇹🇷 Ethiopians · Türkiye
1078
+14
🇨🇱 Romans · Chile
1031
-13
🇨🇱 Malians · Chile
1025
-13
Player.R
7:40 Feudal Age
13:05 Castle Age
10:56 Man-at-Arms
11:36 Double-Bit Axe
11:48 Gold Mining
12:25 Scale Mail Armor
13:52 Loom
14:20 Horse Collar
15:14 Long Swordsman
25:06 Scale Barding Armor
25:12 Forging
29:16 Imperial Age
27:59 Gold Shaft Mining
30:18 Squires
31:09 Wheelbarrow
34:39 Stone Mining
35:55 Town Watch
37:39 Ballistics
40:16 Heavy Scorpion
Esteban VII
2:05 Loom
9:29 Feudal Age
14:30 Castle Age
13:06 Double-Bit Axe
14:58 Stone Mining
15:08 Arson
15:22 Gold Mining
15:29 Horse Collar
16:06 Scale Mail Armor
15:59 Fletching
16:58 Squires
27:35 Imperial Age
26:24 Wheelbarrow
25:47 Man-at-Arms
27:12 Long Swordsman
28:05 Forging
28:12 Chain Mail Armor
28:44 Conscription
28:01 Two-Handed Swordsman
30:27 Champion
32:18 Plate Mail Armor
34:28 Elite Gbeto
36:01 Iron Casting
35:24 Bodkin Arrow
36:33 Ballistics
36:24 Masonry
Quack35
2:09 Loom
7:52 Feudal Age
9:06 Double-Bit Axe
12:24 Castle Age
13:36 Horse Collar
14:27 Squires
14:48 Heavy Plow
15:42 Town Watch
18:47 Scale Mail Armor
19:13 Pikeman
21:21 Wheelbarrow
22:52 Hand Cart
31:21 Imperial Age
30:04 Chain Mail Armor
29:59 Forging
31:42 Capped Ram
33:24 Conscription
33:29 Halberdier
34:21 Perfusion
33:50 Man-at-Arms
35:05 Bow Saw
36:33 Long Swordsman
37:20 Two-Handed Swordsman
38:43 Champion
40:25 Iron Casting
Arakli61
5:26 Loom
7:42 Feudal Age
11:48 Castle Age
11:30 Double-Bit Axe
11:28 Horse Collar
11:53 Gold Mining
13:35 Bow Saw
19:24 Wheelbarrow
19:50 Padded Archer Armor
19:40 Fletching
21:31 Leather Archer Armor
21:21 Bodkin Arrow
22:11 Hand Cart
21:22 Crossbowman
22:04 Stone Mining
23:34 Thumb Ring
23:57 Heavy Plow
24:58 Ballistics
26:08 Gold Shaft Mining
26:13 Stone Shaft Mining
30:54 Imperial Age
31:00 Imperial Age
29:30 Squires
29:17 Arson
29:36 Scale Mail Armor
29:46 Forging
33:03 Two-Man Saw
31:33 Arbalester
32:46 Ring Archer Armor
32:17 Bracer
32:52 Iron Casting
32:33 Chain Mail Armor
35:08 Chemistry
34:44 Conscription
34:54 Conscription
34:13 Capped Ram
35:01 Torsion Engines
35:07 Torsion Engines
35:16 Siege Ram
Connection lost

Rejoining the realm…

Still unreachable

The connection could not be restored.

Session expired

The server has moved on; the page needs a fresh start.